AoeStats
← NoMad311

Arabia

505313784Analyzed
2v2 RM · 24d ago on Sep 8, 2026· 65m 55s· 4 players
Game mode
Random Map
Map size
Medium (4 player)
Population
200
Speed
Normal
Resources
Standard
Victory
Conquest
Starting age
Dark Age
Ending age
Imperial Age
RankedLock teamsTeams togetherTeam positionsShared explorationLock speedFull tech treeHidden civsTurbo modeCheats
Victory
Defeat
🇦🇷 Aztecs · Argentina
596
+16
🇦🇷 Sicilians · Argentina
575
+17
🇨🇿 Bohemians · Czechia
602
-17
🇨🇿 Spanish · Czechia
599
-16
ElMatidroga2
0:31 Loom
12:07 Feudal Age
13:51 Wheelbarrow
13:13 Double-Bit Axe
13:10 Horse Collar
17:47 Gold Mining
20:01 Castle Age
19:48 Scale Mail Armor
19:58 Forging
21:08 Chain Mail Armor
21:12 Squires
23:44 Arson
23:47 Gambesons
26:51 Hand Cart
26:29 Stone Mining
26:51 Bow Saw
26:44 Heavy Plow
26:38 Elite Skirmisher
31:31 Fletching
31:41 Padded Archer Armor
36:50 Ballistics
36:11 Treadmill Crane
36:30 Murder Holes
37:11 Bodkin Arrow
37:31 Leather Archer Armor
37:36 Fervor
42:19 Imperial Age
39:35 Town Watch
42:49 Atlatl
43:09 Leather Archer Armor
43:31 Iron Casting
43:15 Bracer
43:48 Plate Mail Armor
44:36 Gold Shaft Mining
44:36 Stone Shaft Mining
45:55 Devotion
46:21 Illumination
46:14 Block Printing
46:37 Theocracy
47:10 Conscription
47:48 Town Patrol
49:32 Chemistry
48:38 Siege Engineers
49:28 Caravan
50:00 Coinage
50:56 Blast Furnace
52:10 Garland Wars
51:15 Elite Jaguar Warrior
52:35 Onager
56:40 Siege Onager
60:46 Crop Rotation
61:22 Eagle Warrior
63:52 Elite Eagle Warrior
Swenit
0:43 Loom
14:24 Feudal Age
15:19 Double-Bit Axe
20:04 Scale Mail Armor
20:28 Forging
21:31 Bloodlines
23:00 Horse Collar
26:43 Fletching
27:01 Scale Barding Armor
33:29 Castle Age
37:44 Husbandry
38:52 First Crusade
39:24 Gold Mining
39:24 Stone Mining
40:34 Pikeman
42:46 Wheelbarrow
41:57 Town Watch
45:15 Town Patrol
47:50 Imperial Age
48:05 Iron Casting
47:46 Chain Mail Armor
47:51 Chain Barding Armor
49:16 Elite Serjeant
49:41 Elite Serjeant
52:13 Caravan
51:40 Cavalier
53:30 Gold Shaft Mining
53:30 Stone Shaft Mining
55:02 Town Patrol
55:33 Bow Saw
62:20 Blast Furnace
61:50 Plate Mail Armor
61:57 Plate Barding Armor
61:18 Bodkin Arrow
61:23 Padded Archer Armor
NoMad311
18:15 Feudal Age
19:10 Double-Bit Axe
20:08 Man-at-Arms
20:34 Horse Collar
22:28 Gold Mining
28:34 Castle Age
28:19 Stone Mining
31:55 Guard Tower
32:27 Ballistics
32:58 Stone Shaft Mining
32:35 Thumb Ring
31:51 Elite Skirmisher
33:17 Murder Holes
33:35 Masonry
33:17 Long Swordsman
33:42 Gambesons
33:58 Squires
33:18 Pikeman
35:02 Bow Saw
34:54 Heavy Plow
35:21 Fortified Wall
35:00 Light Cavalry
41:03 Imperial Age
40:53 Caravan
41:34 Loom
42:27 Wheelbarrow
41:41 Town Watch
41:48 Hussar
42:38 Bloodlines
44:27 Town Patrol
47:16 Forging
46:57 Fletching
47:09 Padded Archer Armor
49:04 Conscription
48:31 Halberdier
48:31 Two-Handed Swordsman
50:52 Hoardings
57:36 Champion
58:47 Hand Cart
Eurojedna
13:27 Feudal Age
11:42 Loom
14:47 Wheelbarrow
14:01 Double-Bit Axe
15:12 Town Watch
20:41 Castle Age
19:01 Fletching
19:01 Horse Collar
21:46 Hand Cart
26:08 Chemistry
33:20 Town Patrol
35:03 Fervor
42:15 Imperial Age
41:43 Bow Saw
42:24 Houfnice
45:39 Pikeman
50:57 Halberdier
Connection lost

Rejoining the realm…

Still unreachable

The connection could not be restored.

Session expired

The server has moved on; the page needs a fresh start.